 Dungeon Crawl Stone Soup version 0.27.1 (webtiles) character file.

Game seed: 6233555222429875253

760 Malachi the Skirmisher (level 8, -9/62 HPs)
             Began as a Formicid Abyssal Knight on Aug 25, 2021.
             Was a Priest of Lugonu.
             Mangled by Pikel (18 damage)
             ... on level 3 of the Dungeon.
             The game lasted 00:08:48 (4833 turns).

Malachi the Skirmisher (Formicid Abyssal Knight)    Turns: 4833, Time: 00:08:49

Health: -9/62      AC:  9    Str: 19    XL:     8   Next: 8%
Magic:  9/9        EV: 11    Int: 12    God:    Lugonu [***...]
Gold:   80         SH:  0    Dex: 10    Spells: 7/7 levels left

rFire    . . .     SeeInvis +   c - +3 spear (vorpal)
rCold    . . .     Faith    .   (no shield)
rNeg     . . .     Spirit   .   d - +0 ring mail
rPois    .         Reflect  .   (helmet unavailable)
rElec    .         Harm     .   e - +0 cloak
rCorr    .         Rampage  .   (no gloves)
Will     .....                  g - +1 pair of boots
Stlth    ..........             (no amulet)
HPRegen  0.20/turn              (no ring)
MPRegen  0.11/turn              (no ring)

@: attractive, flying
A: permanent stasis, dig shafts and tunnels, antennae 3, four strong arms
a: Dig, Shaft Self, Renounce Religion, Depart the Abyss, Bend Space, Banish


You were on level 3 of the Dungeon.
You worshipped Lugonu.
Lugonu was most pleased with you.
You visited 1 branch of the dungeon, and saw 4 of its levels.
You visited the Abyss 1 time.
You also visited: Sewer.

You collected 80 gold pieces.

Inventory:

Hand Weapons
 a - a +1 hand axe
 c - a +3 vorpal spear (weapon)
 o - a +0 trident
Armour
 b - a scarf of harm
 d - a +0 ring mail (worn)
 e - a +0 cloak (worn)
 g - a +1 pair of boots (worn)
Wands
 m - a wand of iceblast (9)
Potions
 j - a potion of curing


   Skills:
 + Level 5.3 Fighting
 + Level 2.4(4.1) Axes
 + Level 5.2(5.5) Polearms
 + Level 4.7 Armour
 + Level 2.5 Dodging
 + Level 2.1 Invocations
 + Level 0.2 Evocations


You had 7 spell levels left.
You didn't know any spells.
Your spell library contained the following spells:

 Spells                   Type           Power      Damage    Failure   Level
 Freeze                   Ice            0%         1d3       50%         1
 Frozen Ramparts          Ice            0%         1d2       86%         3
 Stone Arrow              Conj/Erth      0%         3d7       86%         3
 Hailstorm                Conj/Ice       0%         3d3       99%         4
 Bolt of Magma            Conj/Fire/Erth 0%         4d4       100%        5
 Shatter                  Erth           0%         3d5*      100%        9


Dungeon Overview and Level Annotations

Branches:
Dungeon (4/15)              Sewer (visited)
 Temple: D:4-7

Altars:
Fedhas
Gozag
Ru
Sif Muna
Vehumet
Xom

Annotations:
D:3 2 transporters, Malachi's ghost, weakling TrMo; Pikel


Innate Abilities, Weirdness & Mutations

You cannot be hasted, slowed, berserked, paralysed or teleported.
You can dig through walls and to a lower floor.
You have a pair of large antennae on your head. (SInv)
Your four strong arms can wield two-handed weapons with a shield.


Message History

The lemure is severely wounded.
The lemure hits you.
* * * LOW HITPOINT WARNING * * *
Your orc closely misses Pikel.
Aiming: Throw Flame
Press: ? - help, Shift-Dir - straight line, f/p - Pikel
Aim: Pikel, wielding a +1 whip of electrocution and wearing a +0 robe (severely wounded, ally target, 60% to hit)
The puff of flame hits the lemure.
The lemure is severely wounded.
The lemure hits you.
* * * LOW HITPOINT WARNING * * *
Your orc hits Pikel with a +0 short sword.
Aiming: Throw Flame
Press: ? - help, Shift-Dir - straight line, f/p - Pikel
Aim: Pikel, wielding a +1 whip of electrocution and wearing a +0 robe (almost dead, ally target, 60% to hit)
The puff of flame misses the lemure.
The puff of flame hits Pikel but does no damage.
Pikel is almost dead.
The lemure closely misses you.
Your orc barely misses Pikel.
Aiming: Throw Flame
Press: ? - help, Shift-Dir - straight line, f/p - Pikel
Aim: Pikel, wielding a +1 whip of electrocution and wearing a +0 robe (almost dead, ally target, 60% to hit)
The puff of flame hits the lemure.
The lemure is almost dead.
The lemure hits you but does no damage.
Your orc barely misses Pikel.
Aiming: Throw Flame
Press: ? - help, Shift-Dir - straight line, f/p - Pikel
Aim: Pikel, wielding a +1 whip of electrocution and wearing a +0 robe (almost dead, ally target, 60% to hit)
The puff of flame hits the lemure!
You kill the lemure!
That felt strangely unrewarding.
Pikel says, "You'll make a fine lemure."
Aiming: Throw Flame
Press: ? - help, Shift-Dir - straight line, f/p - Pikel
Aim: Pikel, wielding a +1 whip of electrocution and wearing a +0 robe (almost dead, ally target, 60% to hit)
The puff of flame misses Pikel.
The now-empty wand crumbles to dust.
Pikel hits you with a +1 whip of electrocution.
* * * LOW HITPOINT WARNING * * *
You are electrocuted!!
You die...

..#.##### #.........# ###.#
##.......## .##.###
#..)......#
......#########.........#
.##.#...................#
.##...#####.............#
.####o#####.............####
.# #......................##
.## ##..J....###@.....####..#
..####..b...## ##K##### ##.#
..#......##o# #o# #.#
#...#######.#####.### #.#
...#####.....#......# #.##
#............#......#######..#
##....≈≈≈≈≈..o...............#
##..≈≈≈≈≈≈##.................#
#..≈≈≈#####.##........≈≈≈....#


You could see Pikel (ally target) and a friendly orc (summoned).

Vanquished Creatures
  Grinder (D:3)
  An ogre (D:3)
  4 lemures
  2 bullfrogs (Sewer)
  A howler monkey (D:2)
  An orc priest (D:3)
  Natasha (thrice) (D:2)
  Robin (D:2)
  2 gnolls (D:3)
  A river rat (D:3)
  4 adders
  3 worms
  A dart slug (D:1)
  4 orcs (D:3)
  14 ball pythons
  2 bats (D:3)
  11 endoplasms
  13 giant cockroaches
  13 goblins
  8 hobgoblins
  5 jackals (D:1)
  10 quokkas
  13 frilled lizards
  4 kobolds
  7 rats
129 creatures vanquished.

Vanquished Creatures (collateral kills)
  A gnoll (D:3)
  A ball python (D:3)
2 creatures vanquished.

Grand Total: 131 creatures vanquished

Notes
Turn   | Place    | Note
-------+----------+-------------------------------------------
     0 | Abyss:1  | Malachi the Formicid Abyssal Knight began the quest for the
                  | Orb.
     0 | Abyss:1  | Reached XP level 1. HP: 18/18 MP: 2/2
    55 | Abyss:1  | Found a corrupted altar of Lugonu.
   108 | Abyss:1  | Noticed an ancient zyme
   121 | Abyss:1  | Noticed a thrashing horror
   128 | Abyss:1  | Noticed a starcursed mass
   154 | Abyss:2  | Noticed a small abomination
   168 | Abyss:2  | Noticed a large abomination
   192 | Abyss:2  | Noticed a blink frog
   192 | Abyss:2  | Noticed a blink frog
   195 | D:1      | Escaped the Abyss
   469 | D:1      | Reached * piety under Lugonu
   485 | D:1      | Reached XP level 2. HP: 5/24 MP: 3/3
  1188 | D:1      | Reached XP level 3. HP: 30/30 MP: 4/4
  1550 | D:2      | Found a faded altar of an unknown god.
  1563 | D:2      | Found a shimmering altar of Xom.
  1721 | D:2      | Noticed Robin
  1729 | D:2      | Reached skill level 1 in Dodging
  1750 | D:2      | Reached skill level 1 in Polearms
  1751 | D:2      | Reached XP level 4. HP: 16/37 MP: 5/5
  1768 | D:2      | Killed Robin
  1768 | D:2      | Reached ** piety under Lugonu
  2320 | D:2      | Noticed Natasha
  2327 | D:2      | Killed Natasha
  2332 | D:2      | Noticed Natasha
  2340 | D:2      | Killed Natasha
  2341 | D:2      | Reached XP level 5. HP: 26/42 MP: 6/6
  2665 | D:2      | Noticed Natasha
  2670 | D:2      | Killed Natasha
  2711 | D:3      | Noticed Grinder
  2724 | D:3      | Killed Grinder
  2725 | D:3      | Reached XP level 6. HP: 30/50 MP: 7/7
  2971 | D:3      | Found a blossoming altar of Fedhas.
  3088 | D:3      | Found a glowing drain.
  3102 | D:3      | Reached XP level 7. HP: 50/55 MP: 8/8
  3122 | Sewer    | Entered a sewer
  3340 | Sewer    | Reached *** piety under Lugonu
  3557 | Sewer    | Reached skill level 5 in Fighting
  3874 | D:3      | Found a transporter.
  3874 | D:3      | Noticed Malachi's ghost (weakling TrMo)
  3915 | D:3      | Found a shimmering blue altar of Sif Muna.
  3948 | D:3      | Found a transporter.
  4060 | D:3      | Found an opulent altar of Gozag.
  4066 | D:3      | Found a sacrificial altar of Ru.
  4076 | D:3      | Reached skill level 5 in Polearms
  4076 | D:3      | Reached XP level 8. HP: 20/62 MP: 9/9
  4286 | D:3      | Found a radiant altar of Vehumet.
  4332 | D:4      | Noticed Pikel
  4807 | D:3      | HP: 1/62 [lemure[Pikel] (8)]
  4833 | D:3      | Mangled by Pikel

Illustrated notes

Levels and vault maps discovered:
D:1:      dpeg_arrival_central, layout_basic
D:2:      layout_loops_ring, basic_altar, ebering_ecumenical_altar_hall,
          due_unseen_surprise, uniq_robin, uniq_natasha
D:3:      layout_rooms, grunt_temple_overflow_cloverleaf, lemuel_round_altar,
          portal_sewer_entry_a, gammafunk_ghost_arena, grunt_decor_junction,
          uniq_grinder
D:4:      layout_cave_pools, uniq_pikel

Skill      XL: |  1  2  3  4  5  6  7 |
---------------+----------------------+-----
Fighting       | 4 5 |  5.3
Dodging        | 1 2 |  2.5
Polearms       | 1 2 3 5 |  5.2
Armour         | 3 4 |  4.7
Axes           | |  2.4
Invocations    | |  2.1
Evocations     | |  0.2

Action                   |  1- 3 |  4- 6 |  7- 9 || total
-------------------------+-------+-------+-------++-------
Melee: Spear             |   105 |    78 |   252 ||   435
Invok: Depart the Abyss  |     1 |       |       ||     1
 Abil: Dig               |     4 |     1 |     1 ||     6
Evoke: Wand              |       |     1 |     8 ||     9
  Use: Scroll            |     7 |     2 |     5 ||    14
       Potion            |     2 |     1 |     3 ||     6
Armor: Leather armour    |    22 |       |       ||    22
       Ring mail         |    18 |    33 |    92 ||   143
       Skin              |    20 |    12 |       ||    32
Dodge: Dodged            |    42 |    39 |   112 ||   193
